2611 views
Uploaded 2022-09-05 06:14:57
Game version 1.33
6:40 long 1on1 ladder game on (2)SwampedTemple
Saved by Sayok
2611 views
Uploaded 2022-09-05 06:14:57
Game version 1.33
6:40 long 1on1 ladder game on (2)SwampedTemple

15 units @ 1.6k
/ 0.2k
7 buildings @ 1.2k
/ 0.2k

| Healing Salve | 1 | 100 |
| total: | 1 | 100g |
| Peon | 7 | 525 | / | 0 |
| Troll Headhunter | 8 | 1120 | / | 160 |
| total: | 15 | 1645g | / | 160w |
| Altar of Storms | 1 | 180 | / | 50 |
| Orc Burrow | 3 | 480 | / | 120 |
| War Mill | 1 | 205 | / | 0 |
| Barracks | 1 | 180 | / | 50 |
| Voodoo Lounge | 1 | 130 | / | 30 |
| Stronghold | 1 | 315 | / | 190 |
| total: | 7 | 1175g | / | 250w |
| 0:02 | Peon |
| 0:02 | Peon |
| 0:06 | Altar of Storms |
| 0:15 | Orc Burrow |
| 0:20 | Peon |
| 0:34 | Peon |
| 0:49 | War Mill |
| 1:05 | Barracks |
| 1:15 | Peon |
| 1:29 | Peon |
| 1:36 | Peon |
| 1:45 | Orc Burrow |
| 2:05 | Feral Spirit |
| 2:07 | Troll Headhunter |
| 2:13 | Voodoo Lounge |
| 2:33 | Troll Headhunter |
| 2:51 | Troll Headhunter |
| 3:04 | Troll Headhunter |
| 3:18 | Stronghold |
| 3:20 | Healing Salve |
| 3:34 | Troll Headhunter |
| 4:04 | Troll Headhunter |
| 4:14 | Orc Burrow |
| 4:27 | Steel Armor |
| 4:58 | Troll Headhunter |
| 5:08 | Chain Lighting |
| 5:10 | Troll Headhunter |
| Select group | 269 |
| Right click | 248 |
| Select | 94 |
| Misc. action | 41 |
| Build/train/purchase | 24 |
| Assign group | 12 |
| Chat | 10 |
| Use ability | 4 |
| Remove unit | 1 |
/ 0.2k
10 buildings @ 1.5k
/ 0.5k


| Peon | 7 | 525 | / | 0 |
| Grunt | 1 | 200 | / | 0 |
| Troll Headhunter | 6 | 840 | / | 120 |
| Demolisher | 1 | 220 | / | 50 |
| total: | 15 | 1785g | / | 170w |
| Watch Tower | 3 | 330 | / | 240 |
| Altar of Storms | 1 | 180 | / | 50 |
| Orc Burrow | 3 | 480 | / | 120 |
| Barracks | 1 | 180 | / | 50 |
| War Mill | 1 | 205 | / | 0 |
| Voodoo Lounge | 1 | 130 | / | 30 |
| Stronghold | 1 | 315 | / | 190 |
| total: | 10 | 1505g | / | 490w |
| 0:03 | Altar of Storms |
| 0:04 | Peon |
| 0:04 | Peon |
| 0:15 | Orc Burrow |
| 0:19 | Peon |
| 0:37 | Peon |
| 0:38 | Peon |
| 0:47 | Peon |
| 0:48 | Peon |
| 1:50 | Stronghold |
| 2:03 | Barracks |
| 2:11 | Feral Spirit |
| 2:13 | Orc Burrow |
| 2:30 | War Mill |
| 2:41 | Voodoo Lounge |
| 3:09 | Grunt |
| 3:20 | Orc Burrow |
| 4:10 | Troll Headhunter |
| 4:10 | Troll Headhunter |
| 4:16 | Summon Lava Spawn |
| 4:47 | Troll Headhunter |
| 5:11 | Watch Tower |
| 5:12 | Watch Tower |
| 5:15 | Watch Tower |
| 5:32 | Demolisher |
| 5:33 | Troll Headhunter |
| 5:34 | Troll Headhunter |
| 6:00 | Troll Headhunter |
| Right click | 195 |
| Select group | 104 |
| Select | 100 |
| Build/train/purchase | 27 |
| Misc. action | 26 |
| Assign group | 17 |
| Chat | 4 |
| Esc | 1 |
| Minimap ping | 1 |